 Dungeon Crawl Stone Soup version 0.29-a0-919-gd064cfad1c (webtiles) character file.

Game seed: 4888625894662376547

378 Hubjo the Changer (level 6, 0/42 HPs)
             Began as a Demonspawn Transmuter on July 26, 2022.
             Was a Priest of Hepliaklqana.
             Slain by an iguana (2 damage)
             ... on level 5 of the Dungeon.
             The game lasted 00:08:18 (4770 turns).

Hubjo the Changer (Demonspawn Transmuter)           Turns: 4770, Time: 00:08:23

Health: 0/42       AC:  2    Str: 10    XL:     6   Next: 45%
Magic:  9/10       EV: 12    Int: 16    God:    Hepliaklqana [***...]
Gold:   286        SH:  0    Dex: 14    Spells: 10/11 levels left

rFire   . . .      SeeInvis +     - Unarmed
rCold   . . .      Faith    +   (no shield)
rNeg    . . .      Spirit   .   a - +0 robe
rPois   .          Reflect  .   (helmet currently unavailable)
rElec   .          Harm     .   (no cloak)
rCorr   .          Rampage  .   (no gloves)
Will    .....                   (boots currently unavailable)
Stlth   +.........              m - amulet of faith
HPRegen 0.14/turn               g - ring of see invisible
MPRegen 0.12/turn               (no ring)

@: appendages
A: horns 2, talons 2, reduced essence, foul stench 2, weakness stinger 1
a: End Transformation, Renounce Religion, Recall Ancestor, Ancestor Identity,
Transference


You were on level 5 of the Dungeon.
You worshipped Hepliaklqana.
Hepliaklqana was most pleased with you.
You had temporarily grown beastly horns and talons.
You visited 1 branch of the dungeon, and saw 5 of its levels.

You collected 286 gold pieces.

Inventory:

Missiles
 r - a throwing net
Armour
 a - a +0 robe (worn)
Jewellery
 g - a ring of see invisible (left hand)
 m - an amulet of faith (around neck)
Scrolls
 c - 3 scrolls of magic mapping
 f - 2 scrolls of vulnerability
 i - 2 scrolls of teleportation
 k - a scroll of noise
 l - 2 scrolls of butterflies
 p - 2 scrolls of identify
 s - a scroll of enchant armour {unknown}
 t - a scroll of immolation {unknown}
Potions
 b - 3 potions of lignification
 d - a potion of invisibility {unknown}
 e - a potion of cancellation {unknown}
 h - 2 potions of curing
 n - 3 potions of might {unknown}
 o - a potion of heal wounds {unknown}
 q - 2 potions of degeneration {unknown}


   Skills:
 + Level 3.1 Fighting
 - Level 1.7 Dodging
 + Level 3.8 Unarmed Combat
 + Level 3.3 Spellcasting
 * Level 4.1 Transmutations


You had 10 spell levels left.
You knew the following spells:

 Your Spells              Type           Power      Damage    Failure   Level
a - Beastly Appendage     Tmut           30%        N/A       3%          1

Your spell library contained the following spells:

 Spells                   Type           Power      Damage    Failure   Level
 Wereblood                Tmut           15%        N/A       4%          2
 Spider Form              Tmut/Pois      9%         N/A       24%         3
 Poisonous Vapours        Pois/Air       4%         N/A       28%         2
 Ice Form                 Ice/Tmut       9%         N/A       61%         4
 Corpse Rot               Necr/Pois/Air  2%         N/A       88%         4


Dungeon Overview and Level Annotations

Branches:
Dungeon (5/15)
 Temple: D:4-7

Altars:
Hepliaklqana

Shops:
D:3 (   D:5 *


Innate Abilities, Weirdness & Mutations

You have temporarily grown beastly horns and talons.
Your life essence is reduced to manifest your ancestor. (-10% HP)
You sometimes emit foul miasma when damaged in melee.
You have a small tail.


Message History

There are monsters nearby!
There are monsters nearby!
There are monsters nearby!
You grow a pair of large bovine horns.
Your feet morph into talons.
The phantom misses you.
The howler monkey hoots and howls with incredible vigour!
You hear a shout!
You closely miss the phantom. You claw the phantom.
The phantom is lightly damaged.
The phantom hits you.
The phantom blinks!
A centaur opens the door.
You barely miss the phantom. Your kick misses the phantom.
The phantom is lightly damaged.
The centaur wields a +0 shortbow.
The centaur shoots an arrow.
The arrow completely misses you. The phantom hits you.
You hear a slurping noise.
The jelly eats the door!
A jelly comes into view. x2
You barely miss the phantom. Your headbutt misses the phantom.
The phantom hits you.
The phantom blinks!
You blink.
The iguana closely misses you. The orc priest hits you with a +0 club.
You hit the orc priest. You headbutt the orc priest!
The orc priest is heavily wounded.
The phantom closely misses you. The orc priest hits you with a +0 club.
The phantom closely misses you. The iguana bites you!
You are too injured to fight recklessly!
You are too injured to fight recklessly!
As you read the scroll of summoning, it crumbles to dust.
Wisps of shadow whirl around you... The phantom hits you.
You emit a cloud of foul miasma!
The orc priest begins to cast a cantrip, but forgets the words!
The phantom barely misses you. The iguana bites you!
* * * LOW HITPOINT WARNING * * *
Okay, then.
It was a potion of curing.
You feel better.
Hubquo closely misses the iguana.
The phantom hits you but does no damage.
The phantom closely misses you.
The jelly hits Hubquo.
Hubquo is splashed with acid.
The orc priest hits you with a +0 club.
* * * LOW HITPOINT WARNING * * *
The iguana bites you.
You die...

#.......####.#....### #...## #.
.......## #.......####...# ##
........## #....##......### ##
.........###...####.#...######.##
....####.(......###....###.......
....## #...##...............#....
....<###...##.####.....####.###..
............#.#sW##...## #.###..
...........##.#l@o##.## #......
..........###.##Wlh#.# .##.#...#
.†..).......#..##.R#.#J.##.......
............#...###J..###........
...................J8............
................###...###........
...............## J#.#+ ##.......
..............## .#.# ##......
.........#....# .##.## #....##


You could see the friendly Hubquo the battlemage, 2 phantoms, a howler monkey,
an iguana, 2 jellies, an orc priest (ally target), a friendly scorpion
(summoned) and a friendly iguana (summoned).

Vanquished Creatures
  A black bear (D:5)
  A scorpion (D:4)
  A hound (D:5)
  An adder (D:2)
  A white imp (D:5)
  An ufetubus (D:5)
  A worm (D:5)
  A dart slug (D:2)
  2 bats
  5 endoplasms
  4 hobgoblins
  4 jackals (D:5)
  4 quokkas
  7 ball pythons
  2 frilled lizards
  8 goblins
  5 kobolds
  2 rats
51 creatures vanquished.

Vanquished Creatures (collateral kills)
  A hound (D:4)
  An iguana (D:4)
  Robin (D:2)
  An adder (D:3)
  2 worms
  2 orcs
  3 endoplasms
  A giant cockroach (D:4)
  5 goblins
  3 hobgoblins
  7 jackals
  A kobold (D:3)
  A quokka (D:5)
  2 ball pythons
  A frilled lizard (D:2)
  3 rats (D:2)
35 creatures vanquished.

Vanquished Creatures (others)
  A battlemage (D:2)
1 creature vanquished.

Grand Total: 87 creatures vanquished

Notes
Turn   | Place    | Note
-------+----------+-------------------------------------------
     0 | D:1      | Hubjo the Demonspawn Transmuter began the quest for the
                  | Orb.
     0 | D:1      | Reached XP level 1. HP: 15/15 MP: 3/3
    97 | D:1      | Found a faded altar of an unknown god.
   107 | D:1      | Prayed at the altar of an unknown god.
   107 | D:1      | Became a worshipper of Hepliaklqana the Forgotten
   107 | D:1      | Reached * piety under Hepliaklqana
   662 | D:1      | Gained mutation: You may rarely emit foul miasma when
                  | damaged in melee. [demonic ancestry]
   662 | D:1      | Reached XP level 2. HP: 10/18 MP: 3/5
   815 | D:1      | Reached skill level 2 in Transmutations
  1287 | D:1      | Reached ** piety under Hepliaklqana
  1288 | D:1      | Remembered your ancestor Hubquo as a battlemage
  1660 | D:2      | Identified the +10 sling of the Crypt {vorpal, rN+}
  1996 | D:2      | Reached XP level 3. HP: 24/24 MP: 4/6
  2199 | D:2      | Noticed Robin
  2205 | D:2      | Killed Robin
  2214 | D:2      | Gained mutation: You sometimes emit foul miasma when
                  | damaged in melee. [demonic ancestry]
  2214 | D:2      | Reached XP level 4. HP: 17/29 MP: 7/7
  3035 | D:3      | Found Ocethaor's Weapon Shop.
  3291 | D:4      | Noticed a scorpion
  3296 | D:4      | Killed a scorpion
  3297 | D:4      | Reached skill level 3 in Transmutations
  3297 | D:4      | Gained mutation: You have a small tail. [demonic ancestry]
  3297 | D:4      | Reached XP level 5. HP: 35/35 MP: 5/9
  3888 | D:4      | Reached *** piety under Hepliaklqana
  4176 | D:5      | Entered Level 5 of the Dungeon
  4188 | D:5      | Noticed a black bear
  4197 | D:5      | Killed a black bear
  4198 | D:5      | Reached XP level 6. HP: 31/42 MP: 10/10
  4352 | D:5      | Reached skill level 4 in Transmutations
  4468 | D:5      | Found Zin's Purification Station.
  4769 | D:5      | HP: 2/42 [iguana (11)]
  4770 | D:5      | Slain by an iguana

Illustrated notes

Levels and vault maps discovered:
D:1:      amcnicky_arrival_underground_garden, layout_basic,
          dreamdust_ecumenical_altar_angels_and_demons
D:2:      layout_loops_ring, uniq_robin
D:3:      layout_basic, led_xom_imps, ebering_ghost_reflecting_pool,
          serial_shops, nicolae_shop_bloodbath_and_beyond
D:4:      layout_gridville, minmay_misc_feat_nine_boxes,
          chequers_decorated_corner, kennysheep_generic_room_14
D:5:      cheibrodos_barr_body, layout_cave_pools, zin_purify

Skill      XL: |  1  2  3  4  5  6 |
---------------+-------------------+-----
Transmutations | 2 3 4 |  4.1
Unarmed Combat | 3 |  3.8
Fighting       | 2 3 |  3.1
Spellcasting   | 3 |  3.3
Dodging        | |  1.7

Action                   |  1- 3 |  4- 6 || total
-------------------------+-------+-------++-------
Melee: Unarmed           |    61 |    59 ||   120
       Kick              |    12 |    16 ||    28
       Headbutt          |     6 |     7 ||    13
       Punch             |     1 |       ||     1
       Tailslap          |       |     4 ||     4
 Cast: Beastly Appendage |    23 |    26 ||    49
Invok: Ancestor Life: Ba |     1 |       ||     1
       Ancestor Identity |     1 |       ||     1
       Transference      |       |     1 ||     1
  Use: Scroll            |       |     7 ||     7
       Potion            |       |     1 ||     1
 Stab: Distracted        |     1 |     2 ||     3
       Betrayed ally     |       |     2 ||     2
Armor: Robe              |    10 |    11 ||    21
Dodge: Dodged            |    40 |    37 ||    77

Table legend: (Time is in decaauts)
 A = Elapsed time spent in this place.
 B = Non-inter-level travel time spent in this place.
 C = Inter-level travel time spent in this place.
 D = Time resting spent in this place.
 E = Time spent auto-exploring this place.
 F = Levels seen in this place.
 G = Mean time per level.
                   A        B        C        D        E       F      G
               +--------+--------+--------+--------+--------+-----+--------+
         Total |   4762 |   4713 |     49 |      0 |   4229 |   5 |  952.4 |
       Dungeon |   4762 |   4713 |     49 |      0 |   4229 |   5 |  952.4 |
               +--------+--------+--------+--------+--------+-----+--------+

Top non-repeatable levels by time:
     D:1: 1629 daAuts
     D:2: 1034 daAuts
     D:4: 884 daAuts
     D:3: 621 daAuts
     D:5: 592 daAuts
